 Dungeon Sprint DCSS version 0.21-a0-201-g8501b10 (webtiles) character file.

12764 Kidiri the Unseen (level 11, -19/58 HPs)
             Began as a Spriggan Enchanter on Aug 18, 2017.
             Was a High Priest of Dithmenos.
             Killed from afar by a hellephant (59 damage)
             ... with a blast of flame
             ... in the Dungeon (Sprint II: "The Violet Keep of Menkaure").
             The game lasted 00:21:11 (2388 turns).

Kidiri the Unseen (Spriggan Enchanter)              Turns: 2388, Time: 00:21:14

Health: -19/58     AC:  5    Str:  4      XL:     11   Next: 66%
Magic:  16/29      EV: 32    Int: 19 (22) God:    Dithmenos [*****.]
Gold:   60         SH: 12    Dex: 18      Spells: 15/37 levels left

rFire    . . .     SeeInvis +   a - +1 dagger
rCold    . . .     Gourm    .   v - +1 buckler
rNeg     . . .     Faith    .   b - +1 robe
rPois    .         Spirit   .   i - +2 hat {Int+3}
rElec    .         Reflect  +   f - scarf {repulsion}
rCorr    .         Harm     .   (gloves unavailable)
MR       +....     NoTele   +   (boots unavailable)
Stlth    ++++++++++             m - +5 amulet of reflection
HPRegen  0.19/turn              (no ring)
MPRegen  0.21/turn              (no ring)

@: radiating poison, flying, wreathed by umbra, repel missiles, very quick
A: unfitting armour, see invisible, herbivore 3, speed 3, slow metabolism 2
a: Shadow Step, Shadow Form, Renounce Religion


You were in the Dungeon.
You worshipped Dithmenos.
Dithmenos was extremely pleased with you.
You were not hungry.

You visited 1 branch You collected 1797 gold pieces.
You spent 1737 gold pieces at shops.

Inventory:

Hand Weapons
 a - a +1 dagger (weapon)
Armour
 b - a +1 robe (worn)
 f - a scarf of repulsion (worn)
 i - a +2 hat of intelligence (worn)
 v - a +1 buckler (worn)
Jewellery
 m - a +5 amulet of reflection (around neck)
Scrolls
 k - 4 scrolls of remove curse
 r - 2 scrolls of fear
 u - a scroll of amnesia
Potions
 g - 2 potions of haste
 h - 5 potions of magic
 n - 2 potions of curing
 o - a potion of ambrosia
 p - a potion of flight
 q - 3 potions of resistance
 t - a potion of agility
Comestibles
 d - 3 bread rations
 s - a royal jelly


   Skills:
 + Level 6.8 Fighting
 * Level 12.4 Short Blades
 + Level 6.2 Armour
 * Level 15.7 Dodging
 * Level 17.2 Stealth
 + Level 1.6 Shields
 * Level 13.7 Spellcasting
 + Level 5.3 Conjurations
 + Level 10.5 Hexes
 + Level 5.9 Ice Magic
 + Level 5.5 Earth Magic
 + Level 3.6 Poison Magic
 - Level 2.8 Invocations


You had 15 spell levels left.
You knew the following spells:

 Your Spells              Type           Power        Failure   Level  Hunger
a - Corona                Hex            ######.      1%          1    None
b - Ensorcelled Hibernat  Hex/Ice        #####.       1%          2    None
c - Confuse               Hex            ######..     1%          3    None
d - Tukima's Dance        Hex            ######..     1%          3    None
e - Dazzling Spray        Conj/Hex       #####.       1%          3    None
f - Iron Shot             Conj/Erth      ####......   77%         6    #####..
g - Olgreb's Toxic Radia  Pois           ####....     17%         4    None


Dungeon Overview and Level Annotations

Branches:
Dungeon (1/1)

Altars:
Cheibriados
Dithmenos
Elyvilon
Fedhas
Gozag
Hepliaklqana
Kikubaaqudgha
Makhleb
Nemelex Xobeh
Okawaru
Qazlal
Ru
Sif Muna
Trog
Uskayaw
Vehumet
Wu Jian
Xom
Yredelemnul
Zin
The Shining One
Beogh
Jiyva
Lugonu

Shops:
D [:[*:}=!%?}!(==!

Annotations:
D exclusions: ice statue, oklob plant and swamp drake


Innate Abilities, Weirdness & Mutations

You are very small and have problems with some larger weapons.
You are too small for most types of armour.
You have supernaturally acute eyesight. (SInv)
You are a herbivore.
You cover ground extremely quickly.
You need consume almost no food.


Message History

You feel dopey. Something feeds on your intellect! The hellephant tramples you!
You emit a cloud of dark smoke.
You hold your ground!
The hellephant completely misses you. The hellephant gores you.
The glowing orange brain pulsates.
Something tries to feed on your intellect!
Unknown command.
Unknown command.
Press: ? - help, v - describe, . - travel
Here: a hellephant (black smoke, almost dead, umbra)
The floor, spattered with blood.
Casting: Dazzling Spray
Confirm with . or Enter, or press ? or * to list all spells.
You begin to radiate toxic energy.
The glowing orange brain is poisoned.
The hellephant is poisoned.
The hellephant breathes flames at you. The blast of flame hits you!
Ouch! That really hurt!
You die...

,#§..▓▓▓▓▓▓▓▓▓▓*******,,,,,,,,*
*#..§▓≈§≈≈≈§§§▓▓*,,,,*,++++++,*
,##[)▓▓▓▓▓▓▓▓▓▓▓▓+▓▓,*,+≈,,≈+,*
,k#}§▓...((.(!▓▓..$▓,*,+≈,,≈+,*
,k#|)▓.......)▓▓.⌠.▓,*,+≈,,≈+,*
#.#}[▓.[...[..▓▓.§$▓,*,+≈,,≈+,*
.####▓(..((.((▓▓§G§▓,*,+≈,,≈+,*
.##.#▓.)......▓▓§Y§▓,*,+≈,,≈+,*
.#..#▓[.[.)%.(▓▓@§§▓,*,+≈,,≈+,*
.#..#▓.[.()(..▓▓§§.▓,*,*≈,,≈*,*
^##)#▓.).).).:▓▓.).▓,*,*≈,,≈*,*
...##▓▓▓▓▓▓▓+▓▓▓▓'▓▓,***≈,,≈***
≈≈≈≈≈≈≈≈≈≈≈≈...≈≈≈▓,,,,,,,,**
#+########+###.≈≈≈▓,,,,,,,**
#....._..#§§§##≈≈≈▓,,,,,,**
#...._._.#§§≈§####▓▓▓▓▓≈**
#..._._._#≈§§§≈##§§#..▓≈*


You could see a hellephant and a glowing orange brain.

Vanquished Creatures
  A kraken (D)
  2 sphinxes (D)
  A draconian shifter (D)
  A fire dragon (D)
  Sonja (D)
  2 deep trolls (D)
  A merfolk siren (D)
  A yaktaur (D)
  5 polar bears (D)
  A hornet (D)
  2 hippogriffs (D)
  11 flying skulls (D)
  Menkaure (D)
  4 necrophages (D)
  3 crocodiles (D)
  A scorpion (D)
  3 worms (D)
  2 tentacles (D)
43 creatures vanquished.

Vanquished Creatures (others)
  A crocodile (D)
  4 tentacles (D)
5 creatures vanquished.

Grand Total: 48 creatures vanquished

Notes
Turn   | Place    | Note
-------+----------+-------------------------------------------
     0 | D        | Kidiri the Spriggan Enchanter began the quest for the Orb.
     0 | D        | Reached XP level 1. HP: 9/9 MP: 5/5
     1 | D        | Noticed a necrophage
     1 | D        | Noticed a necrophage
     1 | D        | Noticed a necrophage
     1 | D        | Noticed a necrophage
     7 | D        | Killed a necrophage
     7 | D        | Reached skill level 1 in Fighting
     7 | D        | Reached skill level 1 in Armour
     7 | D        | Reached skill level 5 in Dodging
     7 | D        | Reached skill level 6 in Stealth
     7 | D        | Reached skill level 5 in Spellcasting
     7 | D        | Reached XP level 2. HP: 15/15 MP: 5/9
     7 | D        | Reached XP level 3. HP: 18/18 MP: 5/10
     7 | D        | Reached XP level 4. HP: 23/23 MP: 6/12
    18 | D        | Killed a necrophage
    18 | D        | Reached skill level 8 in Stealth
    18 | D        | Reached skill level 5 in Hexes
    18 | D        | Reached XP level 5. HP: 27/27 MP: 7/14
    50 | D        | Killed a necrophage
    50 | D        | Reached skill level 5 in Short Blades
    50 | D        | Reached skill level 9 in Stealth
    86 | D        | Killed a necrophage
    86 | D        | Reached XP level 6. HP: 24/32 MP: 9/17
   103 | D        | Learned a level 2 spell: Ensorcelled Hibernation
   107 | D        | Learned a level 3 spell: Confuse
   111 | D        | Learned a level 3 spell: Tukima's Dance
   115 | D        | Learned a level 3 spell: Dazzling Spray
   170 | D        | Noticed a merfolk siren
   173 | D        | Noticed a hippogriff
   173 | D        | Noticed a hippogriff
   178 | D        | Killed a hippogriff
   178 | D        | Reached skill level 10 in Stealth
   178 | D        | Reached skill level 1 in Conjurations
   178 | D        | Reached skill level 1 in Ice Magic
   178 | D        | Reached XP level 7. HP: 29/36 MP: 9/19
   181 | D        | Killed a hippogriff
   181 | D        | Reached skill level 10 in Dodging
   181 | D        | Reached skill level 11 in Stealth
   346 | D        | Killed a merfolk siren
   346 | D        | Reached XP level 8. HP: 42/42 MP: 3/22
   458 | D        | Noticed Menkaure
   460 | D        | Killed Menkaure
   460 | D        | Reached skill level 12 in Stealth
   478 | D        | Noticed an ice statue
   484 | D        | Found Wukky's Distillery.
   485 | D        | Found Pups's Jewellery Emporium.
   485 | D        | Found Touclytu's Antique Weapon Shoppe.
   491 | D        | Found Ucwufiaf's Gadget Emporium.
   491 | D        | Found Arphuc's Magic Scroll Shoppe.
   493 | D        | Found Rauleng's Jewellery Shoppe.
   493 | D        | Found Sosen's Food Emporium.
   494 | D        | Found Vuetis's Jewellery Emporium.
   494 | D        | Found Zeidytai's Gadget Shoppe.
   495 | D        | Found Weikaost's Distillery.
   495 | D        | Found Kaluppes's Book Shoppe.
   495 | D        | Noticed a spiny frog
   496 | D        | Found Moal's Distillery.
   499 | D        | Found Luejarer's General Store.
   499 | D        | Found Osieze's Antique Armour Emporium.
   499 | D        | Noticed a spiny frog
   499 | D        | Noticed an oklob plant
   500 | D        | Found Ebarch's Antique Armour Shoppe.
   500 | D        | Found Zatin Nui's Book Shoppe.
   505 | D        | Noticed a hippogriff
   505 | D        | Noticed a hippogriff
   507 | D        | Noticed a hippogriff
   528 | D        | Bought Sif Muna's Handbook of Dusty Venom for 693 gold pieces
   535 | D        | Learned a level 6 spell: Iron Shot
   538 | D        | Bought a runed scarf for 152 gold pieces
   588 | D        | Found a blossoming altar of Fedhas.
   589 | D        | Found a white marble altar of Elyvilon.
   590 | D        | Found a shadowy altar of Dithmenos.
   590 | D        | Found a corrupted altar of Lugonu.
   590 | D        | Found an opulent altar of Gozag.
   590 | D        | Found a burning altar of Makhleb.
   591 | D        | Found a snail-covered altar of Cheibriados.
   591 | D        | Found an ancient bone altar of Kikubaaqudgha.
   591 | D        | Found a bloodstained altar of Trog.
   592 | D        | Found a roughly hewn altar of Beogh.
   592 | D        | Found a viscous altar of Jiyva.
   592 | D        | Found a deep blue altar of Sif Muna.
   593 | D        | Found a hazy altar of Hepliaklqana.
   593 | D        | Found a sacrificial altar of Ru.
   594 | D        | Found a shimmering altar of Xom.
   595 | D        | Found a stormy altar of Qazlal.
   595 | D        | Found an ornate altar of the Wu Jian Council.
   595 | D        | Found a sparkling altar of Nemelex Xobeh.
   595 | D        | Found a hide-covered altar of Uskayaw.
   595 | D        | Found a basalt altar of Yredelemnul.
   595 | D        | Found a glowing golden altar of the Shining One.
   595 | D        | Noticed a hornet
   595 | D        | Noticed a polar bear
   596 | D        | Found a radiant altar of Vehumet.
   596 | D        | Found an iron altar of Okawaru.
   596 | D        | Found a glowing silver altar of Zin.
   596 | D        | Noticed a yaktaur
   599 | D        | Became a worshipper of Dithmenos the Shadowed
   605 | D        | Noticed a polar bear
   605 | D        | Noticed a polar bear
   611 | D        | Killed a polar bear
   615 | D        | Killed a polar bear
   615 | D        | Reached skill level 1 in Earth Magic
   617 | D        | Killed a yaktaur
   617 | D        | Reached * piety under Dithmenos
   617 | D        | Reached skill level 10 in Spellcasting
   619 | D        | Killed a hornet
   619 | D        | Reached skill level 13 in Stealth
   619 | D        | Reached XP level 9. HP: 27/46 MP: 13/24
   633 | D        | Killed a polar bear
   754 | D        | Noticed a death drake
   759 | D        | Noticed a polar bear
   760 | D        | Noticed a polar bear
   774 | D        | Killed a polar bear
   774 | D        | Reached ** piety under Dithmenos
   779 | D        | Killed a polar bear
   779 | D        | Reached skill level 5 in Fighting
   893 | D        | Noticed a deep elf master archer
   896 | D        | Noticed a fire dragon
   898 | D        | Killed a fire dragon
   898 | D        | Reached skill level 10 in Short Blades
   898 | D        | Reached skill level 14 in Stealth
   928 | D        | Noticed a kraken
  1397 | D        | Reached *** piety under Dithmenos
  1452 | D        | Noticed a deep troll
  1453 | D        | Noticed a deep troll
  1454 | D        | Killed a deep troll
  1454 | D        | Reached skill level 5 in Armour
  1454 | D        | Reached skill level 1 in Invocations
  1454 | D        | Reached XP level 10. HP: 51/51 MP: 21/26
  1456 | D        | Killed a deep troll
  1523 | D        | Killed a kraken
  1523 | D        | Reached skill level 15 in Stealth
  1648 | D        | Learned a level 4 spell: Olgreb's Toxic Radiance
  1670 | D        | Noticed a sphinx
  1670 | D        | Noticed a sphinx
  1672 | D        | Killed a sphinx
  1672 | D        | Reached skill level 16 in Stealth
  1672 | D        | Reached skill level 5 in Ice Magic
  1672 | D        | Reached skill level 1 in Poison Magic
  1672 | D        | Reached XP level 11. HP: 56/56 MP: 23/28
  1674 | D        | Killed a sphinx
  1674 | D        | Reached skill level 15 in Dodging
  1674 | D        | Reached skill level 10 in Hexes
  1800 | D        | Bought a +5 amulet of reflection for 453 gold pieces
  1803 | D        | Bought a buckler for 117 gold pieces
  1813 | D        | Bought a scroll of identify for 26 gold pieces
  1813 | D        | Bought a scroll of identify for 26 gold pieces
  1813 | D        | Bought a scroll of identify for 26 gold pieces
  1813 | D        | Bought a scroll of identify for 26 gold pieces
  1813 | D        | Bought a scroll of identify for 26 gold pieces
  1813 | D        | Bought a scroll of remove curse for 39 gold pieces
  1828 | D        | Bought a scroll of identify for 20 gold pieces
  1851 | D        | Bought a glowing hat for 133 gold pieces
  1951 | D        | Reached **** piety under Dithmenos
  1954 | D        | Reached skill level 5 in Earth Magic
  1965 | D        | Reached skill level 5 in Conjurations
  1983 | D        | Reached ***** piety under Dithmenos
  2287 | D        | Reached skill level 1 in Shields
  2293 | D        | Noticed a sixfirhy
  2377 | D        | Noticed a hellephant
  2377 | D        | Noticed a white draconian shifter
  2378 | D        | Noticed a glowing orange brain
  2378 | D        | Noticed Sonja
  2379 | D        | Killed a white draconian shifter
  2379 | D        | Reached skill level 17 in Stealth
  2381 | D        | Killed Sonja
  2388 | D        | Killed from afar by a hellephant

Vault maps used:
D:        the_violet_keep_of_menkaure

Skill      XL: |  1  2  3  4  5  6  7  8  9 10 11 |
---------------+----------------------------------+-----
Fighting       | 1 2 3 4 5 6 |  6.8
Short Blades   | 3 4 6 7 9 10 11 12 | 12.4
Armour         | 1 2 3 4 5 6 |  6.2
Dodging        | 5 7 8 9 10 11 13 14 15 | 15.7
Stealth        | 6 8 9 10 11 13 14 16 17 | 17.2
Spellcasting   | 5 6 7 8 9 10 11 12 13 | 13.7
Hexes          | 4 5 6 7 8 9 10 | 10.5
Conjurations   | 1 2 3 4 5 |  5.3
Ice Magic      | 1 2 3 4 5 |  5.9
Earth Magic    | 2 3 4 5 |  5.5
Invocations    | 1 2 |  2.8
Poison Magic   | 1 3 |  3.6
Shields        | 1 |  1.6

Action                   |  1- 3 |  4- 6 |  7- 9 | 10-12 || total
-------------------------+-------+-------+-------+-------++-------
Melee: Dagger            |     3 |    69 |    54 |    83 ||   209
 Cast: Corona            |     1 |     7 |       |       ||     8
       Ensorcelled Hiber |       |     3 |    10 |     1 ||    14
       Dazzling Spray    |       |       |     6 |    13 ||    19
       Tukima's Dance    |       |       |     1 |       ||     1
       Confuse           |       |       |     6 |    18 ||    24
       Olgreb's Toxic Ra |       |       |       |     1 ||     1
Invok: Shadow Step       |       |       |     2 |     3 ||     5
  Use: Potion            |     1 |     2 |       |     2 ||     5
       Scroll            |       |       |     5 |     9 ||    14
 Stab: Sleeping          |       |     1 |    13 |     7 ||    21
       Invisible         |       |       |     5 |     3 ||     8
       Confused          |       |       |     8 |    12 ||    20
Armor: Robe              |       |     2 |       |       ||     2
Dodge: Dodged            |     1 |    61 |    31 |    37 ||   130
Block: Buckler           |       |       |       |    15 ||    15
